 Dungeon Crawl Stone Soup version 0.30.0-17-ge0270778cf (webtiles) character file.

Game seed: 13735289366225450872

190 croobank the Insei (level 5, 0/41 HPs)
             Began as a Gnoll Transmuter on May 22, 2023.
             Was a Priest of Elyvilon.
             Slain by a mummy (13 damage)
             ... in an ossuary.
             The game lasted 00:15:04 (2946 turns).

croobank the Insei (Gnoll Transmuter)               Turns: 2946, Time: 00:15:05

Health: 0/41       AC:  4    Str: 10    XL:     5   Next: 69%
Magic:  12/12      EV: 13    Int: 16    God:    Elyvilon [***...]
Gold:   251        SH:  0    Dex: 12    Spells: 8/14 levels left

rFire   . . .        t - +1 dagger (venom)
rCold   . . .        (no shield)
rNeg    . . .        p - +1 leather armour "Ygri" {Int+2}
rPois   .            (no helmet)
rElec   .            (no cloak)
rCorr   .            (no gloves)
SInv    .            (no boots)
Will    .....        (no amulet)
Stlth   ++           (no ring)
HPRegen 0.26/turn    (no ring)
MPRegen 0.13/turn

%: no passive effects
@: wereblooded (expiring)
A: fangs 1, strong nose, distributed training
a: Renounce Religion, Purification, Heal Other, Heal Self


You were in an ossuary.
You worshipped Elyvilon.
Elyvilon was most pleased with you.
You visited 1 branch of the dungeon, and saw 4 of its levels.
You also visited: Ossuary.

You collected 251 gold pieces.

Inventory:

Hand Weapons
 b - a +0 antimagic sling
 c - a +0 dagger
 r - a +0 rapier
 t - a +1 dagger of venom (weapon)
Armour
 a - a +0 robe
 p - the +1 leather armour "Ygri" (worn) {Int+2}
   (You found it on level 2 of the Dungeon)

   Int:       It affects your intelligence (+2).
Jewellery
 m - a ring of positive energy
Wands
 e - a wand of mindburst (23)
 u - a wand of acid (8)
Scrolls
 f - a scroll of immolation
 h - a scroll of teleportation {unknown}
Potions
 d - a potion of cancellation
 g - a potion of degeneration {unknown}
 i - a potion of attraction {unknown}
 k - a potion of curing
 l - a potion of berserk rage {unknown}
 n - a potion of mutation {unknown}


   Skills:
 + Level 3.1 Fighting
 + Level 1.6 Short Blades
 + Level 1.6 Long Blades
 + Level 1.6 Axes
 + Level 1.6 Maces & Flails
 + Level 1.6 Polearms
 + Level 1.6 Staves
 + Level 1.6 Ranged Weapons
 + Level 1.6 Throwing
 + Level 1.6 Armour
 + Level 4.8 Dodging
 + Level 1.6 Stealth
 + Level 1.6 Shields
 + Level 6.7 Unarmed Combat
 + Level 5.2 Spellcasting
 + Level 1.3 Conjurations
 + Level 1.3 Hexes
 + Level 1.3 Summonings
 + Level 1.3 Necromancy
 + Level 1.3 Translocations
 + Level 4.0 Transmutations
 + Level 1.3 Fire Magic
 + Level 1.3 Ice Magic
 + Level 1.3 Air Magic
 + Level 1.3 Earth Magic
 + Level 1.3 Poison Magic
 + Level 1.9 Invocations
 + Level 1.6 Evocations


You had 8 spell levels left.
You knew the following spells:

 Your Spells              Type           Power      Damage    Failure   Level
a - Beastly Appendage     Tmut           34%        N/A       3%          1
b - Wereblood             Tmut           17%        N/A       5%          2
c - Ensorcelled Hibernat  Hex/Ice        16%        N/A       17%         2
d - Slow                  Hex            32%        N/A       12%         1

Your spell library contained the following spells:

 Spells                   Type           Power      Damage    Failure   Level
 Sublimation of Blood     Necr           8%         N/A       17%         2
 Spider Form              Tmut/Pois      12%        N/A       19%         3
 Confusing Touch          Hex            8%         N/A       34%         3
 Frozen Ramparts          Ice            16%        1d3       34%         3
 Vampiric Draining        Necr           8%         2d6       34%         3
 Ice Form                 Ice/Tmut       12%        N/A       54%         4
 Anguish                  Hex/Necr       4%         N/A       75%         4
 Summon Ice Beast         Ice/Summ       8%         N/A       75%         4
 Summon Hydra             Summ           4%         N/A       100%        7


Dungeon Overview and Level Annotations

Branches:
Dungeon (4/15)            Ossuary (1/1)
 Temple: D:4-7

Altars:
Elyvilon

Shops:
D:3 (


Innate Abilities, Weirdness & Mutations

You have very sharp teeth.
Your uncanny sense of smell can sniff out nearby items.
Your experience applies equally to all skills.


Message History

Casting: Beastly Appendage (safe; 3% risk of failure)
Confirm with . or Enter, or press ? or * to list all spells.
Your blood is infused with primal strength.
The mummy hits you.
You hit the mummy but do no damage. You claw the mummy.
The mummy is moderately damaged.
You hit the mummy.
You headbutt the mummy, but do no damage.
The mummy is moderately damaged.
The mummy hits you.
You hit the mummy. You claw the mummy. You punch the mummy, but do no damage.
The mummy is heavily damaged.
The mummy hits you!
You hit the mummy.
The mummy is severely damaged.
You hit the mummy. You claw the mummy.
You headbutt the mummy, but do no damage.
The mummy is almost destroyed.
The mummy misses you.
You hit the mummy.
You feel a bit better.
You destroy the mummy!
Your transformation is almost over.
You open the door.
Found four items.
A mummy comes into view.
Found 4 potions of curing and 9 gold pieces.
There is an open door here.
Found a fuming orange potion and 29 gold pieces.
Found 12 gold pieces and a potion of lignification.
Your horns disappear.
Your talons disappear.
Your primal bloodlust is almost over.
There is an open door here.
You howl as the wereblood boils in your veins!
You hit the mummy but do no damage. The mummy hits you!
You hit the mummy.
The mummy is moderately damaged.
You hit the mummy.
The mummy is heavily damaged.
The mummy hits you!
You die...

########
##......
##...... ###
#......##..## ..
#.....##....##..
#...M...........
#..@...........
##.............
#'##........#
##..##......##
#....##....##
#?.....#....#
#$......#....#
#$??....#....#
#$$?....#....#


You could see a mummy.

Vanquished Creatures
  2 iguanas (D:4)
  6 mummies (Ossuary)
  A worm (D:2)
  3 dart slugs
  4 ball pythons
  3 bats
  7 endoplasms
  2 giant cockroaches (D:1)
  2 gnoll zombies (Ossuary)
  4 goblins
  4 hobgoblins
  3 jackals (D:3)
  A quokka (D:2)
  2 frilled lizards
  A hobgoblin zombie (Ossuary)
  3 kobolds
  2 kobold zombies (Ossuary)
  3 orc zombies (Ossuary)
  6 rats
59 creatures vanquished.

Notes
Turn   | Place    | Note
-------+----------+-------------------------------------------
     0 | D:1      | croobank the Gnoll Transmuter began the quest for the Orb.
     0 | D:1      | Reached XP level 1. HP: 17/17 MP: 6/6
    67 | D:1      | Found a faded altar of an unknown god.
    76 | D:1      | Prayed at the altar of an unknown god.
    76 | D:1      | Became a worshipper of Elyvilon the Healer
    76 | D:1      | Reached * piety under Elyvilon
   115 | D:1      | Reached XP level 2. HP: 21/23 MP: 7/7
   119 | D:1      | Learned a level 2 spell: Wereblood
   452 | D:1      | Reached ** piety under Elyvilon
   816 | D:2      | Reached skill level 5 in Spellcasting
   816 | D:2      | Reached XP level 3. HP: 28/28 MP: 4/9
  1249 | D:2      | Reached skill level 1 in Invocations
  1464 | D:2      | Identified the +1 leather armour "Ygri" {Int+2}
  1682 | D:3      | Reached skill level 1 in Short Blades
  1682 | D:3      | Reached skill level 1 in Long Blades
  1682 | D:3      | Reached skill level 1 in Axes
  1682 | D:3      | Reached skill level 1 in Maces & Flails
  1682 | D:3      | Reached skill level 1 in Polearms
  1682 | D:3      | Reached skill level 1 in Staves
  1682 | D:3      | Reached skill level 1 in Ranged Weapons
  1682 | D:3      | Reached skill level 1 in Throwing
  1682 | D:3      | Reached skill level 1 in Armour
  1682 | D:3      | Reached skill level 1 in Stealth
  1682 | D:3      | Reached skill level 1 in Shields
  1682 | D:3      | Reached skill level 1 in Evocations
  1693 | D:3      | Found Ajaicaugh's Weapon Shoppe.
  2174 | D:3      | Reached *** piety under Elyvilon
  2307 | D:4      | Learned a level 2 spell: Ensorcelled Hibernation
  2462 | D:4      | Elyvilon protects you from harm!
  2467 | D:4      | Reached XP level 4. HP: 24/34 MP: 6/11
  2469 | D:4      | Learned a level 1 spell: Slow
  2491 | D:4      | Reached skill level 1 in Conjurations
  2491 | D:4      | Reached skill level 1 in Hexes
  2491 | D:4      | Reached skill level 1 in Summonings
  2491 | D:4      | Reached skill level 1 in Necromancy
  2491 | D:4      | Reached skill level 1 in Translocations
  2491 | D:4      | Reached skill level 1 in Fire Magic
  2491 | D:4      | Reached skill level 1 in Ice Magic
  2491 | D:4      | Reached skill level 1 in Air Magic
  2491 | D:4      | Reached skill level 1 in Earth Magic
  2491 | D:4      | Reached skill level 1 in Poison Magic
  2732 | D:4      | Found a sand-covered staircase.
  2739 | Ossuary  | Entered an ossuary
  2776 | Ossuary  | Reached XP level 5. HP: 17/40 MP: 8/12
  2946 | Ossuary  | Slain by a mummy

Illustrated notes

Levels and vault maps discovered:
D:1:      dpeg_arrival_rhombus, layout_basic,
          shapermc_ecumenical_altar_acropolis, st_stairs_12
D:2:      layout_loops_cross
D:3:      layout_loops_ring, serial_shops, nicolae_shop_bloodbath_and_beyond,
          skrybe_limestone_x
D:4:      layout_basic, enter_ossuary_4
Ossuary:  ossuary_tomb_3

Skill      XL: |  1  2  3  4  5 |
---------------+----------------+-----
Spellcasting   | 5 |  5.2
Invocations    | 1 |  1.9
Short Blades   | 1 |  1.6
Long Blades    | 1 |  1.6
Axes           | 1 |  1.6
Maces & Flails | 1 |  1.6
Polearms       | 1 |  1.6
Staves         | 1 |  1.6
Ranged Weapons | 1 |  1.6
Throwing       | 1 |  1.6
Armour         | 1 |  1.6
Stealth        | 1 |  1.6
Shields        | 1 |  1.6
Evocations     | 1 |  1.6
Conjurations   | 1 |  1.3
Hexes          | 1 |  1.3
Summonings     | 1 |  1.3
Necromancy     | 1 |  1.3
Translocations | 1 |  1.3
Fire Magic     | 1 |  1.3
Ice Magic      | 1 |  1.3
Air Magic      | 1 |  1.3
Earth Magic    | 1 |  1.3
Poison Magic   | 1 |  1.3
Fighting       | 3 |  3.1
Transmutations | 4 |  4.0
Dodging        | |  4.8
Unarmed Combat | |  6.7

Action                     |  1- 3 |  4- 6 || total
---------------------------+-------+-------++-------
  Melee: Dagger            |   100 |    73 ||   173
         Kick              |    18 |    11 ||    29
         Unarmed           |     5 |       ||     5
         Headbutt          |    12 |     8 ||    20
         Bite              |     6 |     1 ||     7
         Punch             |     3 |     4 ||     7
   Cast: Beastly Appendage |    24 |     5 ||    29
         Wereblood         |    18 |     6 ||    24
         Slow              |       |     4 ||     4
 Invoke: Heal Self         |     1 |     3 ||     4
  Evoke: Wand              |     1 |       ||     1
    Use: Scroll            |    10 |       ||    10
         Potion            |       |     2 ||     2
   Stab: Sleeping          |     6 |       ||     6
 Armour: Robe              |    13 |       ||    13
         Leather armour    |     6 |     9 ||    15
         Skin              |       |    49 ||    49
  Dodge: Dodged            |    60 |    32 ||    92
